 Dungeon Crawl Stone Soup version 0.29.0-4-gdea44cf6ec (webtiles) character file.

Game seed: 8954821300737265823

2541 qw the Grappler (level 9, -9/81 (84) HPs)
             Began as a Troll Cinder Acolyte on Aug 31, 2022.
             Was a Follower of Ignis.
             Mangled by an orc warrior
             ... wielding a +0 war axe
              (14 damage)
             ... on level 6 of the Dungeon.
             The game lasted 00:03:08 (5728 turns).

qw the Grappler (Troll Cinder Acolyte)              Turns: 5728, Time: 00:03:08

HP:   -9/81 (84)    AC:  9    Str: 27 (28) XL:     9   Next: 30%
MP:   9/9           EV: 10    Int: 10      God:    Ignis [*.....]
Gold: 448           SH:  0    Dex: 11      Spells: 10/10 levels left

rFire   + + .      SeeInvis .     - Unarmed
rCold   + . .      Faith    .   (no shield)
rNeg    . . .      Spirit   .   b - +2 robe {Will+}
rPois   .          Reflect  .   (helmet restricted)
rElec   .          Harm     .   m - scarf {rC+ rF+}
rCorr   .          Rampage  .   (gloves unavailable)
Will    +....                   (boots unavailable)
Stlth   +.........              (no amulet)
HPRegen 1.03/turn               k - +4 ring of protection
MPRegen 0.11/turn               f - +6 ring of dexterity

@: corroded, fiery-armoured, lightly drained
A: large, unfitting armour, claws 3, regeneration 1, shaggy fur 1, tough skin 1
a: Renounce Religion, Fiery Armour, Foxfire Swarm, Rising Flame


You were on level 6 of the Dungeon.
You worshipped Ignis.
Ignis was aware of your devotion.
You visited 1 branch of the dungeon, and saw 7 of its levels.

You collected 448 gold pieces.


Innate Abilities, Weirdness & Mutations

You are too large for most types of armour.
You have claws for hands.
Your natural rate of healing is unusually fast.
You are covered in fur. (AC +1)
You have tough skin. (AC +1)


   Skills:
 - Level 4.0 Fighting
 - Level 3.0 Throwing
 - Level 2.5 Dodging
 + Level 11.3 Unarmed Combat
 - Level 1.0 Spellcasting
 - Level 2.1 Fire Magic


You had 10 spell levels left.
You didn't know any spells.
Your spell library contained the following spells:

 Spells                   Type           Power      Damage    Failure   Level
 Scorch                   Fire           8%         2d5       22%         2

Inventory:

Missiles
 o - 9 boomerangs
 q - 3 javelins (quivered)
Armour
 b - a +2 robe of willpower (worn)
 g - a +0 cloak
 l - a +0 troll leather armour
 m - a scarf of resistance (worn)
Jewellery
 f - a +6 ring of dexterity (right claw)
 k - a +4 ring of protection (left claw)
Scrolls
 a - a scroll of enchant armour
 i - a scroll of identify
Potions
 c - a potion of flight {unknown}
 d - 2 potions of curing
 e - a potion of invisibility {unknown}
 h - a potion of might
 j - a potion of haste

Dungeon Overview and Level Annotations

Branches:
Dungeon (7/15)             Temple (0/1) D:6

Altars:
Elyvilon
Fedhas
Vehumet
Yredelemnul

Shops:
D:3 (

Portals:
Bailey: D:7

Annotations:
D:3 3 runed translucent doors, Luroneu's ghost, amateur TeWr; Waforud's ghost, amateur TeWr; qw's ghost, amateur TeWr
D:6 1 runed translucent door, Crazy Yiuf


Message History

5721 ||| DRINKING potion of cancellation.
Your magical effects are unravelling.
You feel magically purged.
You are no longer corroded.
The rust devil closely misses you.
The orc warrior hits you with a +0 war axe.
The orc warrior is burned by your cloak of flames.
The orc warrior is lightly wounded.
The orc warrior closely misses you.
You barely miss the orc warrior. Your claw misses the orc warrior.
The orc warrior is severely wounded.
You barely miss the orc warrior. Your claw misses the orc warrior.
The orc warrior is severely wounded.
The rust devil hits you. The rust devil corrodes you!
The orc warrior closely misses you. The orc warrior barely misses you.
You completely miss the orc warrior.
The orc warrior is severely wounded.
The rust devil hits you. The rust devil corrodes you!
The orc warrior hits you with a +0 war axe!
The orc warrior hits you but does no damage.
The orc warrior is burned by your cloak of flames.
The orc warrior is severely wounded.
You scratch the orc warrior but do no damage.
The orc warrior is severely wounded.
The rust devil barely misses you. The orc warrior barely misses you.
The orc warrior hits you but does no damage.
You scratch the orc warrior.
The orc warrior is severely wounded.
The rust devil hits you! The rust devil corrodes you!
The orc warrior hits you with a +0 war axe.
The orc warrior is burned by your cloak of flames.
The orc warrior is moderately wounded.
The orc warrior hits you with a +0 short sword.
You closely miss the orc warrior.
The orc warrior is severely wounded.
You claw the orc warrior!
You kill the orc warrior!
The rust devil completely misses you.
The orc warrior hits you with a +0 war axe!
You die...

...###.# #..### ###....#
..#....# ##.##7...7##...#
..##.#####..#).....)#...#
..##....##.###.....###..#
..#####....# +..8..+ #..#
..# ##...###.....###..#
### #.#..#)..4..)#...#
#.##.##7)o47##...#
#.##..###@###....#
###.......###......#
#.............##.#.#
#.............##.#.#
#############.##.#.#
#.##.#.# #.##.#.# 7 ###
#.##.#.# 77 77#..)#
#.#..#.#


You could see 2 rust devils and an orc warrior.

Vanquished Creatures
  A troll (D:6)
  Sigmund (D:2)
  Duvessa (D:4)
  An orc warrior (D:6)
  2 sky beasts (D:6)
  2 ogres (D:5)
  2 centaurs
  A phantom (D:7)
  A necrophage (D:6)
  2 scorpions
  4 wights (D:7)
  Dowan (D:4)
  4 killer bees (D:7)
  A howler monkey (D:4)
  3 orc priests
  A gnoll bouda (D:7)
  3 hounds
  5 iguanas
  Terence (D:2)
  7 orc wizards
  8 gnolls
  8 adders
  A shadow imp (D:5)
  3 white imps
  5 worms
  2 dart slugs
  27 orcs
  11 ball pythons
  A bat (D:1)
  4 endoplasms
  2 giant cockroaches
  9 goblins
  A hobgoblin (D:1)
  4 jackals (D:1)
  6 quokkas
  7 kobolds
  6 rats
149 creatures vanquished.

Vanquished Creatures (others)
  3 fungi (D:6)
3 creatures vanquished.

Grand Total: 152 creatures vanquished

Notes
Turn   | Place    | Note
-------+----------+-------------------------------------------
     0 | D:1      | qw the Troll Cinder Acolyte began the quest for the Orb.
     0 | D:1      | Reached XP level 1. HP: 22/22 MP: 1/1
     0 | D:1      | 0 ||| qw: Version: 0.1-a-97-g2dd2ca4
     0 | D:1      | 0 ||| qw: Game counter: 4661
     0 | D:1      | 0 ||| qw: Always use a shield: true
     0 | D:1      | 0 ||| qw: God list: Okawaru
     0 | D:1      | 0 ||| qw: Allow faded altars: false
     0 | D:1      | 0 ||| qw: Do Orc after D:15 true
     0 | D:1      | 0 ||| qw: Do second Lair branch before Depths: true
     0 | D:1      | 0 ||| qw: Lair rune preference: random
     0 | D:1      | 0 ||| qw: Plans: Normal
     0 | D:1      | 0 ||| PLANNING D:1-11
    20 | D:1      | 20 ||| Stepping ~*~*~tactically~*~*~ (outnumbered).
    21 | D:1      | 21 ||| Stepping ~*~*~tactically~*~*~ (outnumbered).
    22 | D:1      | 22 ||| Stepping ~*~*~tactically~*~*~ (outnumbered).
    23 | D:1      | 23 ||| Stepping ~*~*~tactically~*~*~ (outnumbered).
    24 | D:1      | 24 ||| Stepping ~*~*~tactically~*~*~ (outnumbered).
    25 | D:1      | 25 ||| Stepping ~*~*~tactically~*~*~ (outnumbered).
    26 | D:1      | 26 ||| Stepping ~*~*~tactically~*~*~ (outnumbered).
    29 | D:1      | 29 ||| INVOKING Fiery Armour.
    36 | D:1      | Reached XP level 2. HP: 29/29 MP: 2/2
    64 | D:1      | Found a faded altar of an unknown god.
   271 | D:1      | 271 ||| DROPPING scarf of harm.
   387 | D:1      | Reached skill level 4 in Unarmed Combat
   567 | D:1      | 567 ||| READING scroll labelled YSTIFA TAIH.
   668 | D:1      | 668 ||| READING scroll labelled WAFOUCVU OMERGH.
   669 | D:1      | 669 ||| READING scroll labelled OFA MEACUNG.
   793 | D:2      | Reached XP level 3. HP: 23/36 MP: 3/3
   851 | D:2      | Noticed Terence
   859 | D:2      | 859 ||| INVOKING Fiery Armour.
   860 | D:2      | Killed Terence
  1032 | D:2      | 1032 ||| Stepping ~*~*~tactically~*~*~ (stealth).
  1035 | D:2      | Noticed Sigmund
  1036 | D:2      | 1036 ||| Stepping ~*~*~tactically~*~*~ (stealth).
  1039 | D:2      | 1039 ||| Stepping ~*~*~tactically~*~*~ (hiding).
  1051 | D:2      | 1051 ||| INVOKING Fiery Armour.
  1053 | D:2      | Killed Sigmund
  1054 | D:2      | Reached skill level 6 in Unarmed Combat
  1054 | D:2      | Reached XP level 4. HP: 22/44 MP: 4/4
  1054 | D:2      | Reached XP level 5. HP: 25/50 MP: 5/5
  1411 | D:2      | 1411 ||| UPGRADING to +4 ring of protection.
  1412 | D:2      | 1412 ||| READING scroll labelled VAWUCRIMMI.
  1413 | D:2      | 1413 ||| DRINKING 2 smoky purple potions.
  1504 | D:3      | 1504 ||| FLEEEEING.
  1611 | D:3      | Found Vesese's Weapon Boutique.
  1752 | D:3      | 1752 ||| INVOKING Fiery Armour.
  1754 | D:3      | Reached XP level 6. HP: 59/59 MP: 6/6
  1758 | D:3      | Reached skill level 7 in Unarmed Combat
  1826 | D:3      | 1826 ||| Stepping ~*~*~tactically~*~*~ (outnumbered).
  1828 | D:3      | 1828 ||| Stepping ~*~*~tactically~*~*~ (outnumbered).
  1830 | D:3      | 1830 ||| Stepping ~*~*~tactically~*~*~ (outnumbered).
  1900 | D:3      | 1900 ||| Stepping ~*~*~tactically~*~*~ (hiding).
  1903 | D:3      | 1903 ||| INVOKING Fiery Armour.
  1920 | D:3      | Found a runed translucent gate.
  1920 | D:3      | Found a runed translucent gate.
  1920 | D:3      | Found a runed translucent gate.
  1922 | D:3      | Noticed qw's ghost (amateur TeWr)
  1922 | D:3      | Noticed Waforud's ghost (amateur TeWr)
  1922 | D:3      | Noticed Luroneu's ghost (amateur TeWr)
  2060 | D:3      | 2060 ||| UPGRADING to scarf of resistance.
  2065 | D:3      | 2065 ||| READING scroll labelled DOG QIPICO.
  2066 | D:3      | 2066 ||| READING scroll labelled HOTOTE JEDDAED.
  2123 | D:3      | 2123 ||| DRINKING 2 gluggy clear potions.
  2124 | D:3      | 2124 ||| DRINKING 2 fizzy emerald potions.
  2225 | D:3      | 2225 ||| DRINKING 3 green potions.
  2226 | D:3      | 2226 ||| DROPPING potion of ambrosia.
  2342 | D:4      | Noticed Dowan
  2342 | D:4      | Noticed Duvessa
  2343 | D:4      | 2343 ||| Stepping ~*~*~tactically~*~*~ (hiding).
  2349 | D:4      | 2349 ||| INVOKING Fiery Armour.
  2360 | D:4      | Killed Duvessa
  2361 | D:4      | Reached skill level 8 in Unarmed Combat
  2361 | D:4      | Reached XP level 7. HP: 46/66 MP: 7/7
  2365 | D:4      | Killed Dowan
  2406 | D:4      | Found a radiant altar of Vehumet.
  2620 | D:4      | 2620 ||| Stepping ~*~*~tactically~*~*~ (hiding).
  2623 | D:4      | 2623 ||| INVOKING Fiery Armour.
  2625 | D:4      | 2625 ||| Stepping ~*~*~tactically~*~*~ (outnumbered).
  2629 | D:4      | Reached skill level 3 in Fighting
  2833 | D:4      | 2833 ||| UPGRADING to +6 ring of dexterity.
  2834 | D:4      | 2834 ||| READING scroll labelled ZACIRO LUCA.
  2866 | D:4      | 2866 ||| READING scroll labelled QARUUH GAQAKAU.
  2867 | D:4      | 2867 ||| READING scroll labelled ALAUBI ZEPSUT.
  2868 | D:4      | 2868 ||| DRINKING 2 fizzy grey potions.
  2913 | D:4      | 2913 ||| DROPPING potion of lignification.
  2934 | D:5      | Entered Level 5 of the Dungeon
  2978 | D:5      | 2978 ||| Stepping ~*~*~tactically~*~*~ (outnumbered).
  2979 | D:5      | 2979 ||| Stepping ~*~*~tactically~*~*~ (outnumbered).
  2980 | D:5      | 2980 ||| Stepping ~*~*~tactically~*~*~ (outnumbered).
  2981 | D:5      | 2981 ||| Stepping ~*~*~tactically~*~*~ (outnumbered).
  2982 | D:5      | 2982 ||| Stepping ~*~*~tactically~*~*~ (outnumbered).
  2983 | D:5      | 2983 ||| Stepping ~*~*~tactically~*~*~ (outnumbered).
  2984 | D:5      | 2984 ||| Stepping ~*~*~tactically~*~*~ (outnumbered).
  2985 | D:5      | 2985 ||| Stepping ~*~*~tactically~*~*~ (outnumbered).
  2986 | D:5      | 2986 ||| Stepping ~*~*~tactically~*~*~ (outnumbered).
  2987 | D:5      | 2987 ||| Stepping ~*~*~tactically~*~*~ (outnumbered).
  3026 | D:5      | Reached skill level 1 in Dodging
  3112 | D:5      | 3112 ||| Stepping ~*~*~tactically~*~*~ (stealth).
  3113 | D:5      | 3113 ||| Stepping ~*~*~tactically~*~*~ (stealth).
  3129 | D:5      | Reached skill level 9 in Unarmed Combat
  3129 | D:5      | Reached XP level 8. HP: 64/75 MP: 8/8
  3131 | D:5      | 3131 ||| FLEEEEING.
  3132 | D:5      | 3132 ||| FLEEEEING.
  3136 | D:5      | 3136 ||| Stepping ~*~*~tactically~*~*~ (stealth).
  3151 | D:5      | 3151 ||| Stepping ~*~*~tactically~*~*~ (stealth).
  3152 | D:5      | 3152 ||| Stepping ~*~*~tactically~*~*~ (stealth).
  3154 | D:5      | 3154 ||| Stepping ~*~*~tactically~*~*~ (stealth).
  3155 | D:5      | 3155 ||| Stepping ~*~*~tactically~*~*~ (stealth).
  3286 | D:5      | Reached skill level 1 in Throwing
  3417 | D:5      | 3417 ||| Stepping ~*~*~tactically~*~*~ (stealth).
  3650 | D:5      | 3650 ||| Stepping ~*~*~tactically~*~*~ (stealth).
  3819 | D:5      | 3819 ||| READING scroll labelled CUARIE ORCHUAGG.
  3820 | D:5      | 3820 ||| READING scroll labelled JODIDU DURUOTA.
  3890 | D:6      | Found a blossoming altar of Fedhas.
  3979 | D:6      | 3979 ||| Stepping ~*~*~tactically~*~*~ (stealth).
  3980 | D:6      | 3980 ||| Stepping ~*~*~tactically~*~*~ (stealth).
  3992 | D:6      | 3992 ||| Stepping ~*~*~tactically~*~*~ (hiding).
  4035 | D:6      | 4035 ||| Stepping ~*~*~tactically~*~*~ (stealth).
  4047 | D:6      | Found a staircase to the Ecumenical Temple.
  4070 | D:6      | Noticed a troll
  4071 | D:6      | 4071 ||| Stepping ~*~*~tactically~*~*~ (hiding).
  4072 | D:6      | 4072 ||| FLEEEEING.
  4077 | D:6      | 4077 ||| Stepping ~*~*~tactically~*~*~ (outnumbered).
  4078 | D:6      | 4078 ||| Stepping ~*~*~tactically~*~*~ (outnumbered).
  4079 | D:6      | 4079 ||| Stepping ~*~*~tactically~*~*~ (outnumbered).
  4086 | D:6      | 4086 ||| INVOKING Fiery Armour.
  4089 | D:6      | Killed a troll
  4090 | D:6      | Reached skill level 10 in Unarmed Combat
  4094 | D:6      | 4094 ||| FLEEEEING.
  4095 | D:6      | 4095 ||| FLEEEEING.
  4096 | D:6      | 4096 ||| STAIRDANCE
  4145 | D:5      | 4145 ||| READING scroll labelled ATUWUINUSE.
  4146 | D:5      | 4146 ||| READING 2 scrolls of identify.
  4146 | D:5      | 4146 ||| IDENTIFYING smoky red potion
  4147 | D:5      | 4147 ||| DROPPING potion of magic.
  4150 | D:6      | 4150 ||| STAIRDANCE
  4155 | D:6      | 4155 ||| Stepping ~*~*~tactically~*~*~ (stealth).
  4158 | D:6      | Identified the +1 plate armour "Estrarud" {rElec Dex+5}
  4574 | D:6      | Found a runed translucent door.
  4575 | D:6      | Noticed Crazy Yiuf
  4694 | D:6      | 4694 ||| UPGRADING to +2 robe of willpower.
  4704 | D:6      | 4704 ||| DROPPING +0 robe.
  4705 | D:6      | 4705 ||| DRINKING 2 coppery potions.
  4706 | D:6      | 4706 ||| DROPPING potion of degeneration.
  4919 | D:6      | 4919 ||| READING 3 scrolls of teleportation.
  4964 | D:7      | 4964 ||| Stepping ~*~*~tactically~*~*~ (stealth).
  4967 | D:7      | Found a flagged portal.
  4969 | D:7      | 4969 ||| Stepping ~*~*~tactically~*~*~ (stealth).
  4970 | D:7      | 4970 ||| Stepping ~*~*~tactically~*~*~ (stealth).
  4976 | D:7      | Reached XP level 9. HP: 73/84 MP: 9/9
  4976 | D:7      | 4976 ||| Stepping ~*~*~tactically~*~*~ (hiding).
  4986 | D:7      | 4986 ||| INVOKING Fiery Armour.
  4987 | D:7      | 4987 ||| Stepping ~*~*~tactically~*~*~ (outnumbered).
  4988 | D:7      | HP: 21/84 [poisoned by a killer bee]
  4989 | D:7      | 4989 ||| READING 2 scrolls of teleportation.
  4989 | D:7      | HP: 10/84 [wight/+0 battleaxe (3)]
  4990 | D:7      | 4990 ||| DRINKING 2 potions of heal wounds.
  4993 | D:7      | 4993 ||| DRINKING potion of heal wounds.
  4993 | D:7      | Found a basalt altar of Yredelemnul.
  5045 | D:7      | 5045 ||| Stepping ~*~*~tactically~*~*~ (stealth).
  5046 | D:7      | 5046 ||| Stepping ~*~*~tactically~*~*~ (hiding).
  5051 | D:7      | 5051 ||| Stepping ~*~*~tactically~*~*~ (outnumbered).
  5053 | D:7      | 5053 ||| Stepping ~*~*~tactically~*~*~ (hiding).
  5059 | D:7      | 5059 ||| Stepping ~*~*~tactically~*~*~ (outnumbered).
  5110 | D:7      | Reached skill level 11 in Unarmed Combat
  5258 | D:7      | 5258 ||| Stepping ~*~*~tactically~*~*~ (stealth).
  5261 | D:7      | 5261 ||| Stepping ~*~*~tactically~*~*~ (hiding).
  5262 | D:7      | 5262 ||| Stepping ~*~*~tactically~*~*~ (hiding).
  5373 | D:7      | Reached skill level 3 in Throwing
  5465 | D:7      | Found a white marble altar of Elyvilon.
  5557 | D:7      | 5557 ||| DRINKING 2 amethyst potions.
  5558 | D:7      | 5558 ||| DRINKING 2 sapphire potions.
  5681 | D:6      | 5681 ||| READING scroll of teleportation.
  5708 | D:6      | Noticed a rust devil
  5708 | D:6      | Noticed a rust devil
  5709 | D:6      | 5709 ||| INVOKING Fiery Armour.
  5721 | D:6      | 5721 ||| DRINKING potion of cancellation.
  5724 | D:6      | HP: 14/81 [orc warrior/+0 war axe (9)]
  5726 | D:6      | HP: 4/81 [orc warrior/+0 war axe (4)]
  5728 | D:6      | Mangled by an orc warrior

Levels and vault maps discovered:
D:1:      spicycebolla_green_bress_n_ham_2, layout_basic,
          shapermc_ecumenical_altar_venn
D:2:      layout_loops_ring, minmay_pentomino_z2, uniq_terence, uniq_sigmund
D:3:      layout_basic, gammafunk_ghost_cemetery, serial_shops, shop,
          nicolae_kite_square_tiling_tiny
D:4:      layout_basic, lemuel_crystal_altar, uniq_duvessa
D:5:      layout_basic
D:6:      cheibrodos_iron_armory, layout_basic,
          mainiacjoe_overflow_cross_hatched, temple_doors_ab,
          uniq_crazy_yiuf_cottage
D:7:      layout_cave_pools, mainiacjoe_overflow_paths, elyvilon_altar_1,
          enter_bailey_2

Skill      XL: |  1  2  3  4  5  6  7  8  9 |
---------------+----------------------------+-----
Unarmed Combat | 4 6 8 9 10 11 | 11.3
Fighting       | 3 4 |  4.0
Dodging        | 1 2 |  2.5
Throwing       | 2 3 |  3.0
Spellcasting   | |  1.0
Fire Magic     | |  2.1

Action                   |  1- 3 |  4- 6 |  7- 9 || total
-------------------------+-------+-------+-------++-------
Melee: Unarmed           |    78 |    85 |   200 ||   363
       Punch             |       |     7 |    10 ||    17
Throw: Boomerang         |       |    21 |    11 ||    32
       Javelin           |       |       |    21 ||    21
Invok: Fiery Armour      |     3 |     3 |     4 ||    10
  Use: Scroll            |     3 |     3 |    10 ||    16
       Potion            |       |     4 |     7 ||    11
Armor: Robe              |    24 |    32 |    94 ||   150
Dodge: Dodged            |    32 |    26 |   102 ||   160

Table legend:
 A = Non-vault XP
 B = Vault XP
 C = Vault XP percentage of total XP
 D = Non-vault monster count
 E = Vault monster count
 F = Vault count percentage of total count
                 A         B        C        D         E       F
            +---------+---------+-------+---------+---------+-------
      Total |    3157 |     610 |  16.2 |     144 |       5 |   3.4
            +---------+---------+-------+---------+---------+-------
        D:1 |      33 |       0 |   0.0 |      20 |       0 |   0.0
        D:2 |      65 |     259 |  79.9 |      21 |       2 |   8.7
        D:3 |     182 |       0 |   0.0 |      18 |       0 |   0.0
        D:4 |     314 |     215 |  40.6 |      23 |       2 |   8.0
        D:5 |     692 |       0 |   0.0 |      25 |       0 |   0.0
        D:6 |     941 |     136 |  12.6 |      16 |       1 |   5.9
        D:7 |     930 |       0 |   0.0 |      21 |       0 |   0.0
            +---------+---------+-------+---------+---------+-------
